 Dungeon Crawl Stone Soup version 0.28-a0-1555-g9ae15a6949 (webtiles) character file.

Game seed: 1999723736694515521

674 ragingrage the Skirmisher (level 7, -1/46 HPs)
             Began as a Gargoyle Artificer on Jan 18, 2022.
             Slain by a wight (14 damage)
             ... on level 5 of the Dungeon.
             The game lasted 00:03:50 (5878 turns).

ragingrage the Skirmisher (Gargoyle Artificer)      Turns: 5878, Time: 00:03:50

Health: -1/46      AC: 21    Str: 16    XL:     7   Next: 59%
Magic:  7/7        EV:  6    Int: 11    God:
Gold:   261        SH:  0    Dex: 14    Spells: 6/6 levels left

rFire   . . .      SeeInvis .   k - +2 flail (protect)
rCold   . . .      Faith    .   (no shield)
rNeg    + . .      Spirit   .   b - +0 chain mail of Allif {Fly Dex+2}
rPois   ∞          Reflect  .   (no helmet)
rElec   +          Harm     .   (no cloak)
rCorr   .          Rampage  .   (no gloves)
Will    .....                   j - +0 pair of boots
Stlth   ..........              (no amulet)
HPRegen 0.15/turn               (no ring)
MPRegen 0.10/turn               (no ring)

@: under a protective aura, flying
A: sickness immunity, AC +4, negative energy resistance 1, electricity
resistance, torment resistance 1, petrification resistance
a: no special abilities


You were on level 5 of the Dungeon.
You visited 1 branch of the dungeon, and saw 5 of its levels.

You collected 261 gold pieces.

Inventory:

Hand Weapons
 k - a +2 flail of protection (weapon)
Missiles
 a - 13 poisoned darts (quivered)
Armour
 b - the +0 chain mail of Allif (worn) {Fly Dex+2}
   (You found it on level 4 of the Dungeon)

   Dex:       It affects your dexterity (+2).
   Fly:       It grants you flight.
 j - a +0 pair of boots (worn)
Wands
 c - a wand of flame (5)
 d - a wand of charming (14)
Scrolls
 g - 2 scrolls of identify
 n - a scroll of torment {unknown}
 o - a scroll of enchant weapon
Potions
 f - a potion of invisibility {unknown}
 h - 2 potions of heal wounds
 i - 2 potions of curing {unknown}
 l - a potion of magic {unknown}
 m - a potion of attraction {unknown}
Miscellaneous
 e - a piece from Xom's chessboard (15/15)


   Skills:
 + Level 6.2 Fighting
 - Level 2.1 Armour
 - Level 0.7 Dodging
 - Level 1.1 Stealth
 + Level 5.8 Evocations


You had 6 spell levels left.
You didn't know any spells.
Your spell library contained the following spells:

 Spells                   Type           Power      Damage    Failure   Level
 Magic Dart               Conj           0%         1d3       100%        1
 Sandblast                Erth           0%         2d4       100%        1
 Corpse Rot               Necr/Air       0%         N/A       100%        2
 Passwall                 Tmut/Erth      0%         N/A       100%        2
 Poisonous Vapours        Pois/Air       0%         N/A       100%        2
 Scorch                   Fire           0%         2d5       100%        2
 Searing Ray              Conj           0%         2d4       100%        2
 Stone Arrow              Conj/Erth      0%         3d7       100%        3
 Flame Wave               Conj/Fire      0%         2d4       100%        4
 Fulminant Prism          Conj/Hex       0%         3d6       100%        4
 Petrify                  Tmut/Erth      0%         N/A       100%        4
 Summon Cactus Giant      Summ           0%         N/A       100%        6


Dungeon Overview and Level Annotations

Branches:
Dungeon (5/15)
 Temple: D:4-7

Altars:


Innate Abilities, Weirdness & Mutations

You are immune to sickness and miasma.
Your stone body is resilient. (AC +4)
You are immune to poison.
You resist negative energy. (rN+)
You are resistant to electric shocks. (rElec)
You are resistant to unholy torment.
You are immune to petrification.


Message History

The jackal bites you but does no damage. x2
A wight comes into view. It is wielding a +5 dire flail.
The jackal bites you but does no damage.
You sock the jackal!
You kill the jackal!
The jackal barely misses you. The jackal completely misses you.
You hit the jackal.
The jackal is almost dead.
The jackal bites you but does no damage.
The jackal barely misses you.
You closely miss the jackal.
The jackal is almost dead.
The jackal bites you but does no damage. x2
You sock the jackal!
You kill the jackal!
A wight comes into view. It is wielding a +3 war axe.
A wight comes into view. It is wielding a +0 great sword.
A wight comes into view. It is wielding a +5 scimitar.
Found a runed pearl ring.
The wight hits you with a +5 dire flail.
A wight comes into view. It is wielding a +4 mace.
Things that are here:
a jackal corpse; a jackal corpse You hit the wight but do no damage.
The wight hits you with a +5 dire flail. x2
You completely miss the wight.
The wight hits you with a +5 dire flail.
You hit the wight.
The wight is lightly damaged.
The wight hits you but does no damage.
You hit the wight but do no damage.
The wight is lightly damaged.
The wight hits you but does no damage.
The wight hits you with a +5 dire flail!
The wight hits you with a +3 war axe!
* * * LOW HITPOINT WARNING * * *
You are too injured to fight recklessly!
There are monsters nearby!
The wight hits you with a +5 dire flail!
You die...

......#........##.##.......##
.....## ..................#
.....# . #..............####
.... #.. #.<.............#.#
.... .... ###...........#....
.... .....##............#.#..
... ..............#.....## .
. .........#...........# .#
.........#@....###.........
##
.........#zz....##.........
..#
..##......zz....#......####
... ...............##.....##
.. ... ...........!........##
. # ####................# #
#................# #
#............. #
#...........=.


You could see 4 wights.

Vanquished Creatures
  Sigmund (D:2)
  A scorpion (D:5)
  A centaur zombie (D:4)
  A bullfrog zombie (D:5)
  An orc priest (D:3)
  A centaur skeleton (D:4)
  An iguana (D:5)
  Natasha (thrice) (D:3)
  A hound skeleton (D:4)
  7 adders
  An ufetubus (D:4)
  2 dart slugs
  6 orcs
  6 endoplasms
  A giant cockroach (D:4)
  3 goblins
  8 hobgoblins
  3 jackals (D:5)
  4 quokkas
  9 ball pythons
  6 bats
  10 kobolds
  4 rats
81 creatures vanquished.

Vanquished Creatures (collateral kills)
  A centaur (D:5)
1 creature vanquished.

Grand Total: 82 creatures vanquished

Notes
Turn   | Place    | Note
-------+----------+-------------------------------------------
     0 | D:1      | ragingrage the Gargoyle Artificer began the quest for the
                  | Orb.
     0 | D:1      | Reached XP level 1. HP: 12/12 MP: 1/1
     8 | D:1      | Noticed a minotaur skeleton
    16 | D:1      | Noticed a minotaur skeleton
   611 | D:1      | Reached XP level 2. HP: 2/17 MP: 2/2
  1184 | D:1      | Reached skill level 2 in Fighting
  1656 | D:2      | Reached XP level 3. HP: 13/22 MP: 3/3
  1953 | D:2      | Noticed Sigmund
  1973 | D:1      | HP: 1/22 [adder (3)]
  2631 | D:2      | Got the Reference Book on Mutagenic Earth
  2967 | D:2      | Killed Sigmund
  2968 | D:2      | Reached skill level 4 in Fighting
  2968 | D:2      | Reached XP level 4. HP: 7/30 MP: 4/4
  2968 | D:2      | Reached XP level 5. HP: 8/34 MP: 5/5
  3421 | D:3      | Noticed Natasha
  3435 | D:3      | Killed Natasha
  3436 | D:3      | Reached XP level 6. HP: 38/39 MP: 6/6
  3564 | D:3      | HP: 1/39 [orc priest/divine providence (14)]
  3581 | D:3      | Noticed Natasha
  3646 | D:3      | Killed Natasha
  3963 | D:3      | Noticed Natasha
  3970 | D:3      | Killed Natasha
  3982 | D:3      | Reached skill level 5 in Fighting
  4612 | D:4      | Reached skill level 5 in Evocations
  4936 | D:4      | Reached XP level 7. HP: 31/44 MP: 7/7
  5179 | D:4      | Identified the +0 chain mail of Allif {Fly Dex+2}
  5320 | D:5      | Entered Level 5 of the Dungeon
  5524 | D:5      | Reached skill level 6 in Fighting
  5878 | D:5      | Slain by a wight

Illustrated notes

Levels and vault maps discovered:
D:1:      shiori_arrival_whats_in_store_for_you, layout_basic
D:2:      layout_loops_ring, amethyst_killhole, kennysheep_generic_room_6,
          uniq_sigmund
D:3:      layout_basic, uniq_natasha
D:4:      layout_cave_pools, grunt_ministairs_2, kennysheep_generic_room_10
D:5:      layout_cave_pools, nicolae_overflow_hidden_temple,
          kennysheep_windowed_goal, uniq_prince_ribbit1, uniq_crazy_yiuf_cottage

Skill      XL: |  1  2  3  4  5  6  7 |
---------------+----------------------+-----
Evocations     | 3 4 5 |  5.8
Fighting       | 2 4 5 6 |  6.2
Armour         | |  2.1
Dodging        | |  0.7
Stealth        | |  1.1

Action                   |  1- 3 |  4- 6 |  7- 9 || total
-------------------------+-------+-------+-------++-------
Melee: Club              |    65 |       |       ||    65
       Flail             |    96 |   118 |    52 ||   266
       Punch             |     2 |     4 |       ||     6
Throw: Dart              |       |       |     2 ||     2
Evoke: Wand              |     7 |     3 |     1 ||    11
  Use: Scroll            |       |     4 |       ||     4
Armor: Leather armour    |    34 |       |       ||    34
       Chain mail        |    76 |   152 |    55 ||   283
Dodge: Dodged            |   101 |    59 |    24 ||   184

Table legend: (Time is in decaauts)
 A = Elapsed time spent in this place.
 B = Non-inter-level travel time spent in this place.
 C = Inter-level travel time spent in this place.
 D = Time resting spent in this place.
 E = Time spent auto-exploring this place.
 F = Levels seen in this place.
 G = Mean time per level.
                   A        B        C        D        E       F      G
               +--------+--------+--------+--------+--------+-----+--------+
         Total |   6006 |   5800 |    206 |   2097 |   2859 |   5 | 1201.2 |
       Dungeon |   6006 |   5800 |    206 |   2097 |   2859 |   5 | 1201.2 |
               +--------+--------+--------+--------+--------+-----+--------+

Top non-repeatable levels by time:
     D:1: 2005 daAuts
     D:2: 1442 daAuts
     D:3: 1240 daAuts
     D:4: 742 daAuts
     D:5: 575 daAuts
